 Dungeon Crawl Stone Soup version 0.31-a0-1074-g0b22e4e0f1 (webtiles) character file.

Game seed: 6994607025593206660

135 ytrimaz the Changeling (level 4, -6/34 HPs)
             Began as a Demigod Shapeshifter on Dec 6, 2023.
             Mangled by a gnoll
             ... wielding a +1 spear of venom
              (10 damage)
             ... on level 3 of the Dungeon.
             The game lasted 00:02:18 (1808 turns).

ytrimaz the Changeling (Demigod Shapeshifter)       Turns: 1808, Time: 00:02:19

Health: -6/34      AC:  2    Str: 19    XL:     4   Next: 65%
Magic:  6/6        EV: 13    Int: 12    God:
Gold:   105        SH:  0    Dex: 17    Spells: 3/3 levels left

rFire   . .          .
                       - Unarmed
rCold   . . .        (no shield)
rNeg    . . .        a - +0 animal skin
rPois   .            (helmet currently unavailable)
rElec   .            (cloak currently unavailable)
rCorr   .            (gloves currently unavailable)
SInv    .            (boots currently unavailable)
Will    .....        m - amulet "Fixt" {RegenMP Str+4}
Stlth   ++           (no ring)
HPRegen 0.25/turn    (no ring)
MPRegen 0.50/turn

%: no passive effects
@: brilliant, lethally poisoned (-6 -> -16), about to teleport, beast-form
A: beast (slay +2), high MP 1, forlorn, divine attributes
a: Begin Untransformation


You were on level 3 of the Dungeon.
You were a hulking beast.
You visited 1 branch of the dungeon, and saw 3 of its levels.

You collected 105 gold pieces.


Innate Abilities, Weirdness & Mutations

You are a hulking beast.
Your limbs bulge with bestial killing power. (Slay +2)
You have an increased reservoir of magic. (+10% MP)
You shall have no god before yourself.
Your divine heritage dramatically boosts your attributes as you level up.


   Skills:
 - Level 0.8 Fighting
 + Level 3.0 Dodging
 + Level 2.4 Stealth
 - Level 2.6 Unarmed Combat
 + Level 3.5 Shapeshifting


You had 3 spell levels left.
You didn't know any spells.
Your spell library contained the following spells:

 Spells                   Type           Power      Damage    Failure   Level
 Sublimation of Blood     Necr           0%         N/A       45%         2
 Wereblood                Tmut           0%         N/A       45%         2
 Summon Hydra             Summ           0%         N/A       100%        7

Inventory:

Armour
 a - a +0 animal skin (worn)
Jewellery
 m - the amulet "Fixt" (around neck) {RegenMP Str+4}
   (You found it on level 2 of the Dungeon)

   [amulet of magic regeneration]

   RegenMP:   It increases your rate of magic regeneration.
   Str+4:     It affects your strength (+4).
Talismans
 c - a beast talisman
 d - a flux talisman
Wands
 o - a wand of mindburst (15)
   (You found it on level 2 of the Dungeon)
Scrolls
 h - a scroll of immolation {unknown}
 i - a scroll of identify {unknown}
 n - a scroll of enchant armour {unknown}
Potions
 g - a potion of ambrosia {unknown}

Dungeon Overview and Level Annotations

Branches:
Dungeon (3/15) Zot: 16194

###.......## .#
#...g...(.# . #<.g......#
#. #.(..g....g.# .# #.
##...........# .# #.
##...........##.# ##.####
.....$#####..#.###(......
.......######)......#..###
..........h.gg...######.#
.........######...# #.###
... #...## #..#. . ##....#
###... ###.....####....#
#.............##..
....##...##.######.
.........##...# .
....##...####.# #


You could see 2 gnolls.


Message History

You start resting.
You feel sick. x6
You are no longer poisoned. 😨 HP[-6]
You take 6 damage, and now have 16/33 hp.
Unknown command.
There is a stone staircase leading down here. 😕 HP[+11]
You regained 11 hp, and now have 27/33 hp.
You start resting. 😎 HP[+6]
Your hp is fully restored (33).
You climb downwards.
There is a stone staircase leading up here.
Key pressed, stopping explore.
A gnoll is nearby!
A gnoll is nearby!
A gnoll is nearby!
A gnoll is nearby!
A gnoll is nearby!
You barely miss the gnoll.
The gnoll shouts! x2
The gnoll throws a poisoned dart.
The poisoned dart barely misses you. The gnoll closely misses you.
You hit the gnoll. You hit the gnoll. The gnoll barely misses you.
The gnoll closely misses you.
You hit the gnoll. The gnoll hits you with a +0 flail!
The gnoll closely misses you. 😕 HP[-8]
You take 8 damage, and now have 25/33 hp.
MASSIVE DAMAGE!! (PAUSE)
You punch the gnoll!
You kill the gnoll!
The gnoll hits you from afar with a +0 spear.
Your life force feels restored. 😮 HP[-2]
You now have 34 max hp (+1).
You take 2 damage, and now have 23/34 hp.
The gnoll hits you with a +1 spear of venom!
* * * LOW HITPOINT WARNING * * *
The gnoll hits you with a +0 spear.
* * * LOW HITPOINT WARNING * * *
You see here a +0 flail. 😨 HP[-9]
You take 9 damage, and now have 14/34 hp.
MASSIVE DAMAGE!! (PAUSE)
The gnoll closely misses you. 😨 HP[+1]
The gnoll hits you from afar with a +1 spear of venom.
* * * LOW HITPOINT WARNING * * *
You are lethally poisoned! 😨 HP[-5]
You take 5 damage, and now have 10/34 hp.
Okay, then.
You feel much better.
You feel very sick. The gnoll misses you. 😕 HP[+20]
You regained 20 hp, and now have 30/34 hp.
You feel sick. 😕 HP[-2]
You take 2 damage, and now have 28/34 hp.
You feel sick. The gnoll attacks as it pursues you!
The gnoll hits you from afar with a +1 spear of venom.
You are more poisoned. 😮 HP[-7]
You take 7 damage, and now have 21/34 hp.
MASSIVE DAMAGE!! (PAUSE)
As you read the scroll labelled ZOULUT VACAPLO, it crumbles to dust.
It is a scroll of enchant weapon.
You aren't carrying any weapons that can be enchanted.
* * * LOW HITPOINT WARNING * * *
You feel very sick.
The gnoll hits you from afar with a +1 spear of venom.
* * * LOW HITPOINT WARNING * * *
You are more poisoned. 😨 HP[-10]
You take 10 damage, and now have 11/34 hp.
MASSIVE DAMAGE!! (PAUSE) It was a potion of brilliance.
You feel clever all of a sudden.
* * * LOW HITPOINT WARNING * * *
You feel very sick. The gnoll closely misses you. 😱 HP[-6]
You take 6 damage, and now have 5/34 hp.
Unknown command.
It was a potion of curing.
You feel better.
The gnoll hits you from afar with a +1 spear of venom.
* * * LOW HITPOINT WARNING * * *
You are lethally poisoned! 😱 HP[+1]
Okay, then.
Unknown command.
As you read the scroll labelled JOAN KOENO, it crumbles to dust.
You feel strangely unstable.
It was a scroll of teleportation.
* * * LOW HITPOINT WARNING * * *
You feel very sick.
The gnoll hits you from afar with a +1 spear of venom!
You die...

Skill      XL: |  1  2  3  4 |
---------------+-------------+-----
Dodging        | 2 3 |  3.0
Stealth        | 1 2 |  2.4
Shapeshifting  | 3 |  3.5
Fighting       | |  0.8
Unarmed Combat | |  2.6

Action                     |  1- 3 |  4- 6 || total
---------------------------+-------+-------++-------
  Melee: Unarmed           |    78 |    17 ||    95
         Punch             |     2 |       ||     2
    Use: Potion            |     2 |     3 ||     5
         Scroll            |       |     2 ||     2
   Stab: Sleeping          |     1 |       ||     1
 Armour: Animal skin       |    40 |    12 ||    52
         Skin              |     9 |     4 ||    13
  Dodge: Dodged            |    29 |    17 ||    46

Levels and vault maps discovered:
D:1:      spicycebolla_arrival_xxxplode, layout_loops_ring
D:2:      layout_loops_ring, ebering_ecumenical_altar_mist,
          minmay_stone_trees_small
D:3:      layout_rooms, vehumet_crystals, mainiacjoe_overflow_alcove_2,
          st_stairs_6, hangedman_abyss_or_decor_stabs, chequers_big_river

Notes
Turn   | Place    | Note
-------+----------+-------------------------------------------
     0 | D:1      | ytrimaz the Demigod Shapeshifter began the quest for the
                  | Orb.
     0 | D:1      | Reached XP level 1. HP: 15/15 MP: 3/3
     0 | D:1      | magus.rc [v1.9.6]
   271 | D:1      | You pick up a book of Blood and begin reading...
   271 | D:1      | You add the spells Sublimation of Blood, Wereblood and
                  | Summon Hydra to your library.
   386 | D:1      | Reached skill level 2 in Dodging
   539 | D:1      | Reached XP level 2. HP: 22/22 MP: 4/4
   761 | D:2      | Reached skill level 1 in Stealth
   847 | D:2      | Identified the amulet "Fixt" {RegenMP Str+4}
  1038 | D:2      | Reached skill level 3 in Shapeshifting
  1508 | D:2      | Reached XP level 3. HP: 17/27 MP: 5/5
  1584 | D:3      | HP: 5/27 [orc/+0 hand axe (6)]
  1601 | D:3      | Reached skill level 2 in Stealth
  1601 | D:3      | Reached XP level 4. HP: 34/34 MP: 6/6
  1608 | D:3      | Reached skill level 3 in Dodging
  1806 | D:3      | HP: 5/34 [poisoned by a gnoll]
  1808 | D:3      | Mangled by a gnoll

Vanquished Creatures
  An orc priest (D:3)
  2 orc wizards
  A gnoll (D:3)
  2 dart slugs
  6 orcs (D:3)
  2 bats
  4 endoplasms
  2 giant cockroaches
  4 goblins
  A hobgoblin (D:2)
  2 kobolds
  3 ball pythons
  A frilled lizard (D:2)
  3 rats
34 creatures vanquished.

Table legend:
 A = Non-vault XP
 B = Vault XP
 C = Vault XP percentage of total XP
 D = Non-vault monster count
 E = Vault monster count
 F = Vault count percentage of total count
                 A         B        C        D         E       F
            +---------+---------+-------+---------+---------+-------
      Total |     193 |       0 |   0.0 |      34 |       0 |   0.0
            +---------+---------+-------+---------+---------+-------
        D:1 |      18 |       0 |   0.0 |      10 |       0 |   0.0
        D:2 |      62 |       0 |   0.0 |      14 |       0 |   0.0
        D:3 |     113 |       0 |   0.0 |      10 |       0 |   0.0
            +---------+---------+-------+---------+---------+-------

Skill      XL: |  1  2  3  4 |
---------------+-------------+-----
Dodging        | 2 3 |  3.0
Stealth        | 1 2 |  2.4
Shapeshifting  | 3 |  3.5
Fighting       | |  0.8
Unarmed Combat | |  2.6

Action                     |  1- 3 |  4- 6 || total
---------------------------+-------+-------++-------
  Melee: Unarmed           |    78 |    17 ||    95
         Punch             |     2 |       ||     2
    Use: Potion            |     2 |     3 ||     5
         Scroll            |       |     2 ||     2
   Stab: Sleeping          |     1 |       ||     1
 Armour: Animal skin       |    40 |    12 ||    52
         Skin              |     9 |     4 ||    13
  Dodge: Dodged            |    29 |    17 ||    46

Illustrated notes

Table legend:
 A = Kills in this place as a percentage of kills in the entire game.
 B = Kills by you in this place as a percentage of kills by you in the entire game.
 C = Kills by friends in this place as a percentage of kills by friends in the entire game.
 D = Other kills in this place as a percentage of other kills in the entire game.
 E = Experience gained in this place as a percentage of experience gained in the entire game.
 F = Experience gained in this place divided by the number of levels of this place that you have seen.
                   A       B       C       D       E      F
               +-------+-------+-------+-------+-------+----------------------
         Total | 100.0 | 100.0 |   N/A |   N/A | 100.0 |  64.3
       Dungeon | 100.0 | 100.0 |   N/A |   N/A | 100.0 |  64.3
               +-------+-------+-------+-------+-------+----------------------

Table legend: (Time is in decaauts)
 A = Elapsed time spent in this place.
 B = Non-inter-level travel time spent in this place.
 C = Inter-level travel time spent in this place.
 D = Time resting spent in this place.
 E = Time spent auto-exploring this place.
 F = Levels seen in this place.
 G = Mean time per level.
                   A        B        C        D        E       F      G
               +--------+--------+--------+--------+--------+-----+--------+
         Total |   1804 |   1630 |    174 |     72 |   1227 |   3 |  601.3 |
       Dungeon |   1804 |   1630 |    174 |     72 |   1227 |   3 |  601.3 |
               +--------+--------+--------+--------+--------+-----+--------+

Top non-repeatable levels by time:
     D:2: 916 daAuts
     D:1: 752 daAuts
     D:3: 135 daAuts
